 Dungeon Crawl Stone Soup version 0.20-a0-947-g2784f4f (webtiles) character file.

504 w00t the Conjurer (level 6, -6/45 HPs)
             Began as a Draconian Wizard on Apr 2, 2017.
             Mangled by an ice beast (14 damage)
             ... on level 5 of the Dungeon.
             The game lasted 00:13:10 (6634 turns).

w00t the Conjurer (Draconian Wizard)                Turns: 6634, Time: 00:13:11

Health: -6/45      AC:  6    Str: 14    XL:     6   Next: 96%
Magic:  2/11       EV: 12    Int: 23    God:
Gold:   266        SH:  0    Dex: 11    Spells: 1/12 levels left

rFire    . . .     SeeInvis .   a - +0 dagger (elec)
rCold    . . .     Gourm    .   (no shield)
rNeg     . . .     Faith    .   (armour unavailable)
rPois    .         Spirit   .   n - +0 hat
rElec    +         Reflect  .   (no cloak)
rCorr    .         Harm     .   (no gloves)
MR       .....                  (no boots)
Stlth    +++.......             (no amulet)
Regen    0.2/turn               h - +4 ring of intelligence
MPRegen  0.2/turn               u - ring of stealth {Stlth+}

@: mighty, slowed, very slow
A: unfitting armour, mutation resistance 1, electricity resistance,
cold-blooded, AC +6
a: no special abilities


You were on level 5 of the Dungeon.
You were not hungry.

You visited 1 branch of the dungeon, and saw 5 of its levels.
You also visited: Sewer.

You collected 266 gold pieces.

Inventory:

Hand Weapons
 a - a +0 dagger of electrocution (weapon)
 q - a +0 dagger
Missiles
 d - 156 stones (quivered)
 F - 8 tomahawks of dispersal {=f}
Armour
 n - a +0 hat (worn)
Jewellery
 h - a +4 ring of intelligence (left hand)
 u - a ring of stealth (right hand) {Stlth+}
Wands
 B - a wand of iceblast (2/15)
Scrolls
 f - 8 scrolls of remove curse {unknown}
 g - a scroll of blinking {!r}
 j - a scroll of noise {unknown}
 k - 6 scrolls of identify {unknown}
 s - a scroll of magic mapping {unknown}
 t - a scroll of fog {unknown}
 v - 3 scrolls of teleportation {unknown}
 y - 2 scrolls of fear {unknown}
 A - 2 scrolls of enchant weapon {unknown}
 C - a scroll of recharging {unknown}
Potions
 l - 4 potions of heal wounds {unknown}
 r - a potion of cancellation {unknown}
 w - a potion of haste {unknown}
 x - 4 potions of curing {unknown}
 z - a potion of degeneration {unknown}
 D - a potion of magic {unknown}
 E - a potion of ambrosia {unknown}
Books
 b - a book of Minor Magic

   Spells                             Type                      Level
   a - Magic Dart                     Conjuration                  1
   b - Blink                          Translocation                2
   c - Call Imp                       Summoning                    2
   d - Slow                           Hexes                        2
   e - Conjure Flame                  Conjuration/Fire             3
   f - Mephitic Cloud                 Conjuration/Poison/Air       3
Comestibles
 c - 5 bread rations
 i - 4 meat rations
 m - 6 fruits
 o - 3 royal jellies


   Skills:
 - Level 1.7 Dodging
 - Level 1.7 Stealth
 - Level 3.9 Spellcasting
 - Level 6.4 Conjurations
 - Level 1.0 Summonings
   Level 1.0 Translocations
 + Level 1.3 Air Magic
 + Level 1.0 Poison Magic


You had one spell level left.
You knew the following spells:

 Your Spells              Type           Power        Failure   Level  Hunger
a - Magic Dart            Conj           ####         1%          1    None
c - Mephitic Cloud        Conj/Pois/Air  ###.....     12%         3    ##.....
f - Conjure Flame         Conj/Fire      ###.....     10%         3    ##.....
i - Call Imp              Summ           #.......     12%         2    #......
s - Slow                  Hex            #.......     21%         2    #......


Dungeon Overview and Level Annotations

Branches:
Dungeon (5/15)
 Temple: D:4-7

Altars:
Cheibriados
Hepliaklqana
Kikubaaqudgha
Nemelex Xobeh
Ru
Uskayaw
The Shining One

Annotations:
D:4 exclusion: 2 downstairs


Innate Abilities, Weirdness & Mutations

Your plain brown scales are hard. (AC +6)
You cannot fit into any form of body armour.
You are cold-blooded and may be slowed by cold attacks.
You are somewhat resistant to further mutation.
You are resistant to electric shocks. (rElec)


Message History

The ice beast closely misses you.
You barely miss the ice beast.
The ice beast is heavily wounded.
The ice beast barely misses you.
You closely miss the ice beast.
The ice beast is heavily wounded.
The ice beast hits you but does no damage.
You closely miss the ice beast.
The ice beast is heavily wounded.
The ice beast hits you.
* * * LOW HITPOINT WARNING * * *
The ice beast freezes you.
You feel yourself slow down.
* * * LOW HITPOINT WARNING * * *
You closely miss the ice beast.
Your tail-slap misses the ice beast.
The ice beast is heavily wounded.
The ice beast hits you but does no damage.
The ice beast hits you.
* * * LOW HITPOINT WARNING * * *
The ice beast freezes you!
You die...

.#
#.##.##>##.#...PPP≈....######
.# # #........#≈≈≈≈≈P.#.##
... ####.##.P≈≈≈♣♣≈≈≈#..#
.#.# ##.####P≈≈♣♣♣♣P≈#.##
.#.# ##..# #.≈≈♣ ♣P≈PP..# .#
##...## #.≈♣♣ ♣♣P.P#.# ##
##.....####P♣♣♣♣♣≈PP#.#
##...>...##.P≈≈≈♣≈P≈.#.#
#Y..(...((Y@.≈P≈≈≈P#.#.#
##.......####.PP≈≈##.#.##
##.....## ########.#..#
##...## #..##.# ##<.# #.##..#
##.# #.##.## #####.# #.##.##
# #.....# #.##..# ##
####Y##### #.###.#


You could see an ice beast.

Vanquished Creatures
  A phantom (D:4)
  A scorpion (D:4)
  A hound (D:4)
  Jessica (D:2)
  An iguana (D:4)
  3 worker ants (D:4)
  A worker ant zombie (D:5)
  10 adders
  An ooze (D:1)
  An adder zombie (D:5)
  A worm (D:2)
  3 dart slugs
  6 leopard geckos
  2 orcs (D:3)
  3 bats (D:1)
  5 giant cockroaches
  5 goblins
  7 hobgoblins
  17 jackals
  9 kobolds
  2 quokkas
  2 ball pythons
  11 frilled lizards
  7 rats
  A plant (Sewer)
102 creatures vanquished.

Notes
Turn   | Place    | Note
-------+----------+-------------------------------------------
     0 | D:1      | w00t the Draconian Wizard began the quest for the Orb.
     0 | D:1      | Reached XP level 1. HP: 14/14 MP: 4/4
   212 | D:1      | Reached skill level 2 in Conjurations
   212 | D:1      | Reached XP level 2. HP: 16/20 MP: 0/6
  1095 | D:2      | Reached skill level 3 in Conjurations
  1095 | D:2      | Reached XP level 3. HP: 26/26 MP: 2/7
  1160 | D:2      | Noticed Jessica
  1169 | D:2      | Killed Jessica
  1534 | D:2      | Reached XP level 4. HP: 33/33 MP: 8/8
  1610 | D:2      | Reached skill level 4 in Conjurations
  1617 | D:2      | Learned a level 2 spell: Call Imp
  1621 | D:2      | Learned a level 3 spell: Conjure Flame
  1628 | D:2      | Learned a level 2 spell: Slow
  2405 | D:3      | Found a sacrificial altar of Ru.
  2457 | D:3      | Found a hide-covered altar of Uskayaw.
  2458 | D:3      | Noticed a dagger
  2458 | D:3      | Noticed a hand axe
  2745 | D:3      | Found a sparkling altar of Nemelex Xobeh.
  2924 | D:4      | Found a glowing drain.
  2955 | Sewer    | Entered a sewer
  3059 | Sewer    | Reached XP level 5. HP: 38/38 MP: 5/9
  3232 | Sewer    | Reached skill level 5 in Conjurations
  4412 | D:4      | Noticed a centaur
  4515 | D:4      | Reached XP level 6. HP: 32/45 MP: 5/11
  4779 | D:4      | Reached skill level 6 in Conjurations
  5339 | D:4      | Found an ancient bone altar of Kikubaaqudgha.
  5343 | D:4      | Found a hazy altar of Hepliaklqana.
  5440 | D:4      | Learned a level 3 spell: Mephitic Cloud
  5471 | D:5      | Entered Level 5 of the Dungeon
  5544 | D:5      | Found a glowing golden altar of the Shining One.
  5544 | D:5      | Found a snail-covered altar of Cheibriados.
  5750 | D:5      | Noticed an ice beast
  5976 | D:4      | Reached skill level 1 in Air Magic
  5976 | D:4      | Reached skill level 1 in Poison Magic
  6622 | D:5      | Gained mutation: You are resistant to electric shocks. (rElec) [potion of mutation]
  6622 | D:5      | Gained mutation: You are somewhat resistant to further mutation. [potion of mutation]
  6634 | D:5      | Mangled by an ice beast

Vault maps used:
D:1:      lightli_arrival_quake
D:2:      uniq_jessica
D:3:      dancing_weapons_uskayaw, nicolae_ru_path_of_blood,
          nemelex_lonely_heart_becter
D:4:      minitemple, portal_sewer_entry_f, first_bread, serial_glass,
          glass_columns_a, glass_columns_c, nicolae_ossuary_entry_ruins
D:5:      grunt_temple_overflow_open, serial_bayou, serial_bayou_crossing,
          serial_bayou_lagoon_a, serial_bayou_pond_c, serial_bayou_ford_a
Sewer:    sewer_co_scattered_pipes

Skill      XL: |  1  2  3  4  5  6 |
---------------+-------------------+-----
Conjurations   | 2 3 4 5 6 |  6.4
Air Magic      | 1 |  1.3
Poison Magic   | 1 |  1.0
Dodging        | |  1.7
Stealth        | |  1.7
Spellcasting   | |  3.9
Summonings     | |  1.0
Translocations | |  1.0

Action                   |  1- 3 |  4- 6 || total
-------------------------+-------+-------++-------
Melee: Unarmed           |     2 |       ||     2
       Dagger            |     7 |   170 ||   177
       Tailslap          |       |    10 ||    10
Throw: Stone             |     3 |     9 ||    12
 Cast: Magic Dart        |    50 |   148 ||   198
       Conjure Flame     |       |     2 ||     2
       Mephitic Cloud    |       |     1 ||     1
  Use: Potion            |       |     2 ||     2
       Scroll            |       |     1 ||     1
 Stab: Sleeping          |     2 |     4 ||     6
  Eat: Chunk             |     2 |    16 ||    18
Armor: Skin              |     6 |    41 ||    47
Dodge: Dodged            |     9 |   101 ||   110
